Map: Pillars of Gold LE

Players

Has - Winner!

  • Race: Protoss Protoss
  • Spawn Location: 7:00

DRG

  • Race: Zerg Zerg
  • Spawn Location: 1:00

Event: IEM Katowice 2021

VOD

Have the link to the VOD?

Description

Time

  • Played on: Feb. 20, 2021, 8:23 a.m.
  • Length: 8:20

All games in this series

Show
View Real Time Build Order
Export as new Build Order

Has Protoss - Winner!

Build Orders: 1 Gate Expand 

Get SALT Encoding   

  12  0:00  Probe  
  13  0:12  Probe  
  14  0:19  Pylon  
  14  0:24  Probe (Chrono Boost)  
  15  0:39  Probe (Chrono Boost)  
  15  0:40  Gateway  
  16  0:45  Probe (Chrono Boost)  
  16  0:49  Assimilator  
  17  0:53  Probe  
  18  1:05  Probe  
  19  1:17  Probe  
  20  1:26  Nexus  
  20  1:36  Cybernetics Core  
  20  1:39  Probe  
  21  1:44  Assimilator  
  21  1:52  Zealot  
  23  1:58  Pylon  
  23  2:16  Stargate, Probe (Chrono Boost)  
  23  2:22  Adept  
  26  2:29  Probe (Chrono Boost)  
  27  2:32  Warp Gate  
  28  2:38  Probe (Chrono Boost)  
  28  2:42  Probe (Chrono Boost)  
  29  2:49  Probe x2 (Chrono Boost)  
  29  2:51  Void Ray (Chrono Boost)  
  31  2:55  Probe  
  32  3:03  Probe (Chrono Boost)  
  37  3:09  Probe (Chrono Boost)  
  38  3:15  Probe (Chrono Boost)  
  42  3:21  Pylon  
  42  3:24  Probe x2 (Chrono Boost)  
  43  3:29  Probe  
  43  3:31  Probe, Twilight Council  
  43  3:38  Void Ray  
  44  3:41  Probe  
  44  3:43  Probe  
  49  3:51  Gateway  
  49  3:54  Gateway  
  49  3:56  Probe  
  50  4:04  Gateway  
  50  4:09  Assimilator  
  50  4:10  Resonating Glaives (Chrono Boost)  
  50  4:11  Pylon  
  50  4:16  Gateway  
  50  4:21  Gateway  
  50  4:27  Gateway  
  50  4:33  Gateway  
  50  4:35  Adept  
  52  4:47  Adept  
  52  4:48  Adept  
  56  4:54  Pylon  
  56  4:58  Nexus  
  56  5:06  Adept x2  
  60  5:10  Adept  
  60  5:12  Adept  
  64  5:22  Adept x3  
  70  5:32  Pylon  
  70  5:34  Pylon  
  70  5:36  Gateway  
  70  5:42  Pylon  
  68  5:46  Adept  
  70  5:52  Adept x5  
  80  5:57  Adept  
  80  6:00  Adept  
  84  6:08  Adept  
  86  6:12  Adept x3  
  92  6:25  Adept x3  
  92  6:39  Adept x4  
  92  7:00  Adept x7  
  104  7:15  Adept  
  92  7:34  Adept x7  
  98  7:51  Pylon x2  
  94  7:59  Adept x7  
  100  8:13  Adept  
Show
View Real Time Build Order
Export as new Build Order

DRG Zerg 

Build Orders: Pool First 

Get SALT Encoding   

  12  0:00  Drone  
  13  0:13  Overlord  
  13  0:17  Drone  
  14  0:31  Drone x2  
  16  0:42  Spawning Pool  
  15  0:45  Drone  
  16  0:50  Drone  
  17  1:11  Hatchery  
  16  1:13  Drone  
  17  1:20  Drone  
  18  1:27  Extractor  
  18  1:32  Zergling x4  
  19  1:34  Queen  
  21  1:41  Overlord  
  21  1:50  Drone  
  22  2:01  Drone  
  23  2:10  Queen  
  23  2:13  Drone  
  26  2:23  Queen  
  26  2:25  Overlord  
  26  2:27  Drone  
  29  2:34  Drone x2  
  31  2:41  Drone  
  31  2:42  Drone x2  
  34  2:55  Hatchery  
  34  2:58  Drone  
  34  3:00  Drone  
  34  3:02  Drone  
  34  3:05  Drone  
  37  3:11  Queen  
  39  3:17  Metabolic Boost  
  39  3:20  Overlord  
  39  3:25  Drone  
  40  3:28  Drone x3  
  43  3:35  Overlord  
  43  3:36  Drone  
  44  3:41  Drone x3  
  44  3:44  Overlord  
  47  3:51  Spore Crawler  
  47  3:52  Queen  
  48  3:56  Zergling x2  
  48  3:57  Overlord  
  48  3:58  Drone  
  48  4:01  Drone  
  51  4:06  Drone x3  
  54  4:10  Queen  
  54  4:15  Drone x2  
  58  4:20  Drone  
  59  4:26  Drone x3  
  59  4:28  Drone x4  
  65  4:31  Drone x2  
  65  4:34  Spore Crawler  
  65  4:36  Queen  
  68  4:40  Drone  
  68  4:41  Drone x2  
  68  4:44  Overlord  
  71  4:47  Lair  
  71  4:51  Extractor  
  71  4:52  Zergling x2, Extractor  
  70  4:53  Zergling x4  
  70  4:55  Zergling x2  
  70  4:56  Drone  
  70  4:58  Overlord  
  74  5:03  Zergling x4  
  74  5:05  Drone x4  
  74  5:06  Drone  
  81  5:07  Drone  
  81  5:13  Evolution Chamber, Drone, Roach Warren  
  81  5:17  Drone x2  
  81  5:19  Drone  
  82  5:23  Drone x5  
  87  5:29  Overlord  
  87  5:31  Drone  
  87  5:33  Extractor x2, Overlord  
  84  5:41  Zergling x4  
  85  5:51  Zerg Missile Weapons Level 1, Queen x2  
  85  5:52  Glial Reconstitution  
  85  5:53  Roach  
  85  5:54  Roach x6  
  102  5:58  Overlord x2  
  102  6:02  Roach x2  
  102  6:04  Spine Crawler  
  103  6:11  Evolution Chamber x2  
  102  6:13  Evolution Chamber  
  102  6:14  Roach x2  
  104  6:23  Roach x6  
  105  6:27  Roach x3  
  105  6:29  Evolution Chamber  
  105  6:31  Queen  
  104  6:38  Roach x3  
  101  6:46  Evolution Chamber  
  93  6:48  Roach x4  
  93  6:52  Roach  
  99  6:59  Roach x2  
  101  7:01  Queen  
  101  7:04  Queen  
  101  7:08  Queen  
  105  7:15  Roach x3  
  93  7:22  Evolution Chamber  
  93  7:26  Roach x2  
  93  7:29  Roach x3  
  98  7:31  Roach  
  98  7:32  Roach  
  92  7:38  Roach  
  93  7:44  Roach x4  
  93  7:49  Evolution Chamber  
  90  7:54  Roach x3  

Tags
 
Add a new tag
Caveats
  • Supply blocks, unpowered buildings, or Contaminate may cause inaccurate times.
  • Supply counts are checked every 10 seconds.